 Dungeon Crawl Stone Soup version 0.27-a0-1256-gced786f65e (webtiles) character file.

Game seed: 17251299138177415866

7891 ZappyNine the Carver (level 11, -3/105 (108) HPs)
             Began as a Deep Dwarf Fighter on June 11, 2021.
             Was a Believer of Makhleb.
             Slain by an orc
             ... wielding a +2 mace of protection
              (5 damage)
             ... on level 10 of the Dungeon.
             The game lasted 00:14:01 (7239 turns).

ZappyNine the Carver (Deep Dwarf Fighter)           Turns: 7239, Time: 00:14:01

HP:   -3/105 (108)  AC:  9    Str: 23    XL:     11   Next: 2%
MP:   5/5           EV: 10    Int: 11    God:    Makhleb [**....]
Gold: 269           SH: 18    Dex: 19    Spells: 10/10 levels left

rFire    . . .     SeeInvis .   e - +6 double sword of Alomm {flame, Fly rN+ Will+ Dex+7}
rCold    . . .     Faith    .   E - +0 tower shield {AC+3}
rNeg     + . .     Spirit   .   j - +3 leather armour {rPois}
rPois    +         Reflect  .   (helmet restricted)
rElec    .         Harm     .   (no cloak)
rCorr    .         Rampage  .   (no gloves)
Will     ++...     Clarity  +   (no boots)
Stlth    +.........             m - amulet of the acrobat
HPRegen  0.00/turn              (no ring)
MPRegen  0.09/turn              (no ring)

@: flying, hasted, lightly drained, very quick
A: damage resistance, heal wounds, sense surroundings 2, no regeneration, horns
1, clarity, clever 1, low mp 1
a: Heal Wounds, Renounce Religion, Minor Destruction


You were on level 10 of the Dungeon.
You worshipped Makhleb.
Makhleb was pleased with you.
You visited 2 branches of the dungeon, and saw 11 of its levels.
You also visited: Sewer.

You collected 569 gold pieces.
You spent 300 gold pieces at shops.

Inventory:

Hand Weapons
 a - a +0 long sword
 d - the +9 war axe of Pinoc {drain, rPois Str+2}
   (You found it in a sewer)

   A truly terrible weapon, it drains the life of those it strikes.
   It affects your strength (+2).
   It protects you from poison.
 e - the +6 double sword of Alomm (weapon) {flame, Fly rN+ Will+ Dex+7}
   (You acquired it on level 3 of the Dungeon)

   It has been specially enchanted to burn those struck by it, causing extra
   injury to most foes and up to half again as much damage against particularly
   susceptible opponents.
   Big, fiery blades are also staple armaments of hydra-hunters.
   It affects your dexterity (+7).
   It protects you from negative energy.
   It grants you flight.
   It increases your willpower.
 f - the +7 war axe of Texeptuq {drain, rC+}
   (You found it in a sewer)

   A truly terrible weapon, it drains the life of those it strikes.
   It protects you from cold.
Missiles
 y - 6 curare-tipped darts
 A - 8 atropa-tipped darts
Armour
 b - a +0 scale mail
 c - a +0 kite shield
 j - a +3 leather armour of poison resistance (worn)
 E - a +0 tower shield of protection (worn)
Jewellery
 m - an amulet of the acrobat (around neck)
 q - a ring of ice
Wands
 p - a wand of mindburst (13)
 t - a wand of acid (19)
 w - a wand of flame (44)
Scrolls
 g - a scroll of silence
 h - 2 scrolls of amnesia
 r - a scroll of enchant weapon {unknown}
 s - 2 scrolls of teleportation
 B - a scroll of summoning
 D - a scroll of fear
Potions
 i - 2 potions of cancellation
 k - a potion of magic
 l - 8 potions of curing
 n - a potion of mutation
 o - 2 potions of flight
 u - a potion of heal wounds
 v - 2 potions of might
 x - a potion of degeneration {unknown}
 C - a potion of invisibility {unknown}


   Skills:
 + Level 9.6 Fighting
 + Level 10.2 Long Blades
 - Level 4.3 Armour
 - Level 2.5 Dodging
 + Level 10.1 Shields


You had 10 spell levels left.
You didn't know any spells.
Your spell library contained the following spells:

 Spells                   Type           Power      Damage    Failure   Level
 Magic Dart               Conj           0%         1d3       95%         1
 Summon Small Mammal      Summ           0%         N/A       95%         1
 Blink                    Tloc           N/A        N/A       99%         2
 Call Imp                 Summ           0%         N/A       99%         2
 Slow                     Hex            0%         N/A       99%         2
 Call Canine Familiar     Summ           0%         N/A       100%        3
 Conjure Flame            Conj/Fire      0%         6-21      100%        3
 Mephitic Cloud           Conj/Pois/Air  0%         N/A       100%        3
 Summon Guardian Golem    Hex/Summ       0%         N/A       100%        3
 Summon Ice Beast         Ice/Summ       0%         N/A       100%        4
 Summon Lightning Spire   Summ/Air       0%         N/A       100%        4


Dungeon Overview and Level Annotations

Branches:
Dungeon (10/15)            Temple (1/1) D:5            Lair (0/6) D:10
  Sewer (visited)
    Orc: D:9-12

Altars:
Ashenzari
Cheibriados
Dithmenos
Elyvilon
Fedhas
Gozag
Hepliaklqana
Kikubaaqudgha
Makhleb
Nemelex Xobeh
Okawaru
Qazlal
Ru
Sif Muna
Trog
Uskayaw
Vehumet
Wu Jian
Xom
Yredelemnul
Zin
The Shining One

Shops:
D:6 !

Annotations:
D:5 2 transporters


Innate Abilities, Weirdness & Mutations

You are resistant to damage.
You can heal yourself by infusing magical energy.
You passively map the area around you.
You do not regenerate.
You have a pair of small horns on your head.
You possess an exceptional clarity of mind.
Your mind is acute. (Int +2)
Your magical capacity is low. (-10% MP)


Message History

Nergalle gestures at the spectral orc warrior while chanting.
The spectral orc warrior seems to speed up.
Nergalle casts a spell at you. The bolt of negative energy misses you.
Unknown command.
You feel yourself speed up. You block Nergalle's attack.
Unknown command.
You slash Nergalle! You burn Nergalle. You headbutt Nergalle.
You kill Nergalle!
Makhleb accepts your kill.
You feel better.
The spectral orc warrior disappears in a puff of smoke! x2
You have reached level 11!
You block the orc's attack.
Things that are here:
a +0 dagger; a +2 robe of fire resistance Unknown command.
You slice the orc!! You burn the orc.
You kill the orc!
Makhleb accepts your kill.
You feel better.
You hit the orc warrior. You burn the orc warrior.
The orc warrior is lightly wounded.
You block the orc warrior's attack.
You hit the orc warrior but do no damage.
You headbutt the orc warrior, but do no damage.
The orc warrior is lightly wounded.
The orc warrior hits you with a +0 flail!
* * * LOW HITPOINT WARNING * * *
You hit the orc warrior but do no damage.
The orc warrior is lightly wounded.
The orc warrior hits you with a +0 flail!
* * * LOW HITPOINT WARNING * * *
You slash the orc warrior! You burn the orc warrior.
You headbutt the orc warrior.
You kill the orc warrior!
Makhleb accepts your kill.
You hit the orc but do no damage. You headbutt the orc, but do no damage.
The orc hits you with a +2 mace of protection!
You die...

####### ### *# *#.....#
#.###### ...##.....#
#....#.####
,,,..........########.##.#.....
.........oo@)............... *
o..###.#..#####....##.#.#### *
, ###.§.# #.#####.#.#... , ,
#.....#*#Z# #.#.#.## * , , ,
#..P.P..##.# ##.#.#.## ,,,
.#......Z#..# #....#.## ,,
,.#.......Z†#Z# #..###... **
............#.#* #......## *
.......>.Z..Z..* #.####.##


You could see 2 orcs.

Vanquished Creatures
  Fannar (D:10)
  A two-headed ogre (D:9)
  Nergalle (D:10)
  A cyclops (D:10)
  An elephant (D:10)
  Psyche (D:8)
  An unseen horror (D:10)
  A yak (D:10)
  A wyvern (D:9)
  Grum (D:10)
  A basilisk (D:10)
  A water moccasin (Sewer)
  2 sky beasts (D:6)
  A necrophage (D:8)
  3 orc warriors
  3 ice beasts
  5 black bears
  3 wolves (D:10)
  An ogre (D:7)
  4 centaurs
  A bullfrog (D:8)
  2 kobold brigands (D:7)
  A gnoll sergeant (D:9)
  2 scorpions
  A water moccasin skeleton (D:5)
  5 killer bees (D:10)
  3 howler monkeys (D:9)
  5 centaur zombies
  4 orc priests
  3 hounds
  A centaur skeleton (D:6)
  3 jellies
  An iguana (D:7)
  6 orc wizards
  Ijyb (D:3)
  A killer bee zombie (D:8)
  A howler monkey zombie (D:7)
  A howler monkey skeleton (D:5)
  9 gnolls
  5 adders
  A shadow imp (D:5)
  A white imp (D:7)
  An ufetubus (D:6)
  An adder skeleton (D:4)
  2 dart slugs (D:1)
  31 orcs
  8 bats
  2 endoplasms
  A giant cockroach (D:1)
  5 goblins
  12 hobgoblins
  7 jackals
  21 kobolds
  3 quokkas
  6 ball pythons
  7 frilled lizards
  5 rats
204 creatures vanquished.

Vanquished Creatures (others)
  A fungus (D:10)
  6 plants (D:5)
7 creatures vanquished.

Grand Total: 211 creatures vanquished

Notes
Turn   | Place    | Note
-------+----------+-------------------------------------------
     0 | D:1      | ZappyNine the Deep Dwarf Fighter began the quest for the
                  | Orb.
     0 | D:1      | Reached XP level 1. HP: 20/20 MP: 1/1
    67 | D:1      | Reached XP level 2. HP: 27/27 MP: 2/2
   180 | D:1      | Reached skill level 1 in Dodging
   347 | D:1      | Reached XP level 3. HP: 27/34 MP: 3/3
   408 | D:1      | Found a faded altar of an unknown god.
  1414 | D:2      | Reached XP level 4. HP: 22/42 MP: 4/4
  2031 | D:3      | Reached XP level 5. HP: 36/49 MP: 4/4
  2214 | D:3      | Noticed Ijyb
  2237 | D:3      | Killed Ijyb
  2254 | D:3      | Identified a scroll of acquirement
  2254 | D:3      | Acquired the +6 double sword of Alomm {flame, Fly rN+ Will+
                  | Dex+7}
  2382 | D:3      | Found a blossoming altar of Fedhas.
  2382 | D:3      | Found a sparkling altar of Nemelex Xobeh.
  2390 | D:3      | Found a hazy altar of Hepliaklqana.
  2392 | D:3      | Found a shimmering altar of Xom.
  2394 | D:3      | Found a hide-covered altar of Uskayaw.
  3126 | D:4      | Reached XP level 6. HP: 48/57 MP: 4/4
  3425 | D:5      | Entered Level 5 of the Dungeon
  3439 | D:5      | Found a glowing drain.
  3477 | D:5      | Found a staircase to the Ecumenical Temple.
  3481 | D:5      | Noticed an ice beast
  3483 | D:5      | Noticed an ice beast
  3486 | Temple   | Entered the Ecumenical Temple
  3489 | Temple   | Killed an ice beast
  3727 | Temple   | Became a worshipper of Makhleb the Destroyer
  3763 | Temple   | Gained mutation: Your mind is acute. (Int +2) [potion of
                  | mutation]
  3763 | Temple   | Gained mutation: Your spells are a little easier to cast,
                  | but a little less powerful. [potion of mutation]
  3764 | Temple   | Lost mutation: Your spells are a little easier to cast, but
                  | a little less powerful. [potion of mutation]
  3764 | Temple   | Lost mutation: Your mind is acute. (Int +2) [potion of
                  | mutation]
  3764 | Temple   | Gained mutation: You tend to lose your temper in combat.
                  | [potion of mutation]
  3764 | Temple   | Gained mutation: You often lose your temper in combat.
                  | [potion of mutation]
  3764 | Temple   | Gained mutation: Your body sometimes deteriorates upon
                  | taking damage. [potion of mutation]
  3764 | Temple   | Gained mutation: Your mind is acute. (Int +2) [potion of
                  | mutation]
  3794 | D:5      | Killed an ice beast
  3800 | D:5      | Reached skill level 5 in Fighting
  3800 | D:5      | Reached skill level 5 in Long Blades
  3800 | D:5      | Reached XP level 7. HP: 59/67 MP: 5/5
  3824 | Sewer    | Entered a sewer
  3861 | Sewer    | Identified the +9 war axe of Pinoc {drain, rPois Str+2}
  3863 | Sewer    | Identified the +7 war axe of Texeptuq {drain, rC+}
  3969 | D:5      | Found a transporter.
  3995 | D:5      | Identified the +2 buckler of Youthful Indiscretion {Will++}
  4006 | D:5      | Found a transporter.
  4044 | D:5      | Reached XP level 8. HP: 50/76 MP: 6/6
  4396 | D:6      | Found Ussoce Qoscho's Distillery.
  4399 | D:6      | Bought a potion of heal wounds for 60 gold pieces
  4399 | D:6      | Bought a potion of might for 48 gold pieces
  4399 | D:6      | Bought a potion of might for 48 gold pieces
  4399 | D:6      | Bought a potion of curing for 36 gold pieces
  4399 | D:6      | Bought a potion of curing for 36 gold pieces
  4399 | D:6      | Bought a potion of curing for 36 gold pieces
  4399 | D:6      | Bought a potion of curing for 36 gold pieces
  4440 | D:6      | Reached skill level 5 in Shields
  4471 | D:6      | Lost mutation: You often lose your temper in combat.
                  | [potion of mutation]
  4471 | D:6      | Lost mutation: You tend to lose your temper in combat.
                  | [potion of mutation]
  4471 | D:6      | Lost mutation: Your body sometimes deteriorates upon taking
                  | damage. [potion of mutation]
  4471 | D:6      | Gained mutation: Your magical capacity is low. (-10% MP)
                  | [potion of mutation]
  4471 | D:6      | Gained mutation: You possess an exceptional clarity of
                  | mind. [potion of mutation]
  4471 | D:6      | Gained mutation: You have a pair of small horns on your
                  | head. [potion of mutation]
  4907 | D:7      | Reached * piety under Makhleb
  5148 | D:7      | Found a bloodstained altar of Trog.
  5167 | D:7      | Gained mutation: You passively map the area around you.
                  | [Deep Dwarf growth]
  5167 | D:7      | Reached XP level 9. HP: 64/86 MP: 5/5
  5899 | D:8      | Noticed Psyche
  5906 | D:8      | Killed Psyche
  5946 | D:8      | Found a radiant altar of Vehumet.
  5972 | D:8      | Reached ** piety under Makhleb
  5979 | D:8      | Found a glowing golden altar of the Shining One.
  6501 | D:9      | Reached XP level 10. HP: 82/97 MP: 6/6
  6629 | D:9      | Noticed a two-headed ogre
  6637 | D:9      | Killed a two-headed ogre
  6869 | D:10     | Entered Level 10 of the Dungeon
  6869 | D:10     | Noticed a cyclops
  6874 | D:10     | Killed a cyclops
  6991 | D:10     | Noticed Fannar
  7000 | D:10     | Killed Fannar
  7008 | D:10     | Acquired a +0 tower shield of protection
  7090 | D:10     | Noticed Grum
  7104 | D:10     | Killed Grum
  7188 | D:10     | Found a staircase to the Lair.
  7188 | D:10     | Noticed an elephant
  7189 | D:10     | Noticed Nergalle
  7194 | D:10     | Noticed a spectral orc warlord
  7199 | D:10     | Reached skill level 10 in Long Blades
  7205 | D:10     | Killed an elephant
  7206 | D:10     | Reached skill level 10 in Shields
  7232 | D:10     | Killed Nergalle
  7233 | D:10     | Reached XP level 11. HP: 26/104 MP: 5/5
  7237 | D:10     | HP: 2/104 [orc warrior/+0 flail (11)]
  7239 | D:10     | Slain by an orc

Illustrated notes

Levels and vault maps discovered:
D:1:      saegor_arrival_simple_c, layout_basic,
          shapermc_ecumenical_altar_starsandcircs
D:2:      layout_loops_ring
D:3:      layout_basic, chequers_temple_overflow_minitemple,
          serial_corexii_hall, chequers_hall_statues_corner_a,
          corexii_hall_statues_u, corexii_hall_statues_i, uniq_ijyb
D:4:      layout_loops_cross, guppyfry_early_lair_pool
D:5:      layout_cave_pools, minmay_temple_entry_gardened_gates,
          gammafunk_ghost_gnarly_gnolls, cheibrodos_sewer_entry_drain
D:6:      layout_gridville, serial_shops, kennysheep_mini
D:7:      layout_loops_corners, trog_three_pillars_becter
D:8:      layout_rooms, tso_altar, kennysheep_mini_moat,
          chequers_serial_rivers_marsh, uniq_psyche
D:9:      layout_irregular_city
D:10:     layout_basic, david_lair_generic, corexii_leaking_fountain,
          uniq_nergalle, uniq_fannar, uniq_grum
Temple:   minmay_temple_curvy_branch

Skill      XL: |  1  2  3  4  5  6  7  8  9 10 |
---------------+-------------------------------+-----
Dodging        | 1 2 |  2.5
Fighting       | 3 4 5 7 8 9 |  9.6
Armour         | 4 |  4.3
Long Blades    | 3 5 6 7 8 10 | 10.2
Shields        | 4 6 8 10 | 10.1

Action                   |  1- 3 |  4- 6 |  7- 9 | 10-12 || total
-------------------------+-------+-------+-------+-------++-------
Melee: Long sword        |   142 |    60 |       |       ||   202
       Double sword      |       |    63 |   175 |    64 ||   302
       Headbutt          |       |       |    35 |    29 ||    64
 Abil: Heal Wounds       |       |     2 |     6 |     2 ||    10
  Use: Scroll            |     3 |     9 |     5 |     2 ||    19
       Potion            |     3 |     4 |     2 |     4 ||    13
 Stab: Sleeping          |       |       |     1 |       ||     1
Armor: Scale mail        |    85 |    18 |       |       ||   103
       Leather armour    |       |    28 |    57 |    40 ||   125
Dodge: Dodged            |    59 |    51 |   163 |    55 ||   328
Block: Kite shield       |    76 |    65 |   209 |     5 ||   355
       Tower shield      |       |       |       |   107 ||   107
       Rpst.: Long sword |    15 |     6 |       |       ||    21
       Double sword      |       |     6 |    46 |    17 ||    69

Table legend: (Time is in decaauts)
 A = Elapsed time spent in this place.
 B = Non-inter-level travel time spent in this place.
 C = Inter-level travel time spent in this place.
 D = Time resting spent in this place.
 E = Time spent auto-exploring this place.
 F = Levels seen in this place.
 G = Mean time per level.
                   A        B        C        D        E       F      G
               +--------+--------+--------+--------+--------+-----+--------+
         Total |   7476 |   7231 |    245 |    332 |   5185 |  12 |  623.0 |
       Dungeon |   7078 |   6833 |    245 |    332 |   4931 |  10 |  707.8 |
        Temple |    303 |    303 |      0 |      0 |    224 |   1 |  303.0 |
         Sewer |     94 |     94 |      0 |      0 |     30 |   1 |   94.0 |
               +--------+--------+--------+--------+--------+-----+--------+

Top non-repeatable levels by time:
     D:3: 1029 daAuts
     D:7: 991 daAuts
     D:1: 945 daAuts
     D:2: 930 daAuts
     D:9: 663 daAuts
     D:4: 646 daAuts
     D:5: 512 daAuts
     D:6: 500 daAuts
     D:8: 463 daAuts
    D:10: 395 daAuts
  Temple: 303 daAuts
   Sewer: 94 daAuts
